Map: New Gettysburg LE

Players

DIMAGA

  • Race: Zerg Zerg
  • League: Grandmaster

EJK - Winner!

  • Race: Terran Terran
  • League: Master

VOD

Have the link to the VOD?

Description

Time

  • Played on: Aug. 5, 2016, 1:15 p.m.
  • Length: 40:23
Show
View Real Time Build Order
Export as new Build Order

DIMAGA Zerg 

Build Orders: Hatch First 

Get SALT Encoding   

  12  0:00  Drone  
  13  0:12  Overlord  
  13  0:17  Drone  
  14  0:32  Drone x2  
  14  0:35  Drone  
  17  0:52  Hatchery  
  17  0:55  Drone  
  17  0:59  Drone  
  18  1:09  Extractor  
  17  1:14  Spawning Pool  
  17  1:17  Drone  
  17  1:20  Drone  
  18  1:29  Drone  
  19  1:38  Overlord  
  19  2:01  Queen  
  19  2:02  Zergling x4  
  19  2:04  Queen, Zergling x2  
  26  2:09  Metabolic Boost  
  26  2:13  Drone  
  26  2:15  Drone  
  28  2:23  Drone  
  28  2:29  Overlord  
  29  2:33  Drone  
  30  2:39  Queen  
  30  2:42  Queen  
  33  2:44  Drone  
  33  2:48  Overlord  
  34  2:54  Zergling x4  
  36  3:03  Zergling x2  
  37  3:11  Zergling x10  
  42  3:13  Zergling x2  
  42  3:14  Zergling x2  
  42  3:15  Zergling x2  
  45  3:25  Overlord  
  45  3:36  Hatchery  
  45  3:41  Drone x3  
  45  3:47  Drone x2  
  48  3:53  Zergling x4  
  50  3:58  Drone x3  
  52  4:06  Drone  
  48  4:13  Queen  
  48  4:15  Queen  
  51  4:20  Overlord  
  51  4:25  Baneling Nest  
  50  4:35  Roach Warren  
  50  4:44  Drone x3  
  50  4:45  Drone x4  
  57  4:50  Drone x4  
  61  5:01  Overlord  
  61  5:03  Zergling x10  
  66  5:08  Overlord  
  66  5:09  Overlord  
  66  5:24  Lair  
  66  5:26  Extractor  
  66  5:27  Drone, Extractor  
  66  5:28  Drone x4, Evolution Chamber  
  69  5:30  Drone x4  
  71  5:40  Roach  
  71  5:41  Roach x2  
  71  5:42  Overlord  
  72  6:01  Overlord  
  72  6:02  Drone x10  
  82  6:08  Extractor  
  82  6:09  Extractor x2  
  77  6:18  Overlord x2  
  77  6:19  Overlord  
  77  6:20  Zerg Missile Weapons Level 1  
  77  6:22  Drone, Evolution Chamber  
  77  6:23  Glial Reconstitution  
  77  6:27  Drone  
  77  6:28  Drone  
  77  6:30  Drone  
  80  6:33  Drone x2  
  80  6:39  Overlord  
  84  6:40  Roach x4  
  90  6:47  Drone x2  
  90  6:48  Drone  
  90  6:49  Drone, Zerg Ground Armor Level 1  
  94  6:57  Roach  
  94  7:00  Overseer  
  96  7:01  Hatchery  
  96  7:05  Drone  
  96  7:07  Spore Crawler  
  96  7:08  Drone x4  
  99  7:09  Drone  
  99  7:13  Drone  
  101  7:18  Drone  
  101  7:20  Hydralisk Den, Overseer  
  101  7:26  Overlord x2  
  101  7:27  Roach x3  
  101  7:28  Drone, Overlord  
  108  7:35  Roach x4  
  108  7:36  Roach  
  118  7:40  Overlord  
  118  7:45  Infestation Pit, Drone x2, Spore Crawler  
  118  7:46  Drone  
  118  7:47  Drone x3  
  122  7:54  Overlord  
  122  7:55  Overlord  
  122  7:57  Roach x3  
  128  7:58  Drone  
  128  8:02  Muscular Augments  
  129  8:15  Hydralisk  
  129  8:16  Hydralisk x6  
  143  8:25  Overlord x3  
  143  8:28  Hydralisk, Zerg Missile Weapons Level 2  
  145  8:35  Overlord  
  145  8:36  Overlord  
  145  8:37  Roach  
  145  8:39  Hydralisk  
  145  8:41  Drone x5  
  154  8:44  Drone x2, Extractor  
  154  8:45  Extractor  
  154  8:55  Hive  
  154  9:02  Hydralisk x3  
  154  9:03  Hydralisk  
  162  9:15  Spore Crawler  
  162  9:16  Hydralisk x7, Spore Crawler  
  172  9:18  Drone  
  172  9:19  Drone x4  
  172  9:29  Zerg Ground Armor Level 2  
  172  9:32  Roach x5  
  163  9:39  Drone  
  163  9:40  Drone x5  
  163  9:44  Drone x3  
  168  9:49  Ravager  
  168  9:50  Ravager x4  
  168  9:56  Drone  
  168  9:57  Drone x3  
  168  10:01  Drone x3, Hydralisk  
  168  10:02  Drone x2, Hydralisk x2  
  179  10:12  Drone  
  179  10:17  Overlord  
  179  10:18  Viper x3  
  186  10:24  Pneumatized Carapace  
  186  10:40  Viper x2  
  186  10:41  Viper x2  
  198  10:47  Zerg Missile Weapons Level 3  
  198  11:03  Hatchery  
  197  11:12  Hatchery  
  196  11:31  Hydralisk x2  
  200  11:54  Zerg Ground Armor Level 3  
  200  12:17  Spore Crawler  
  162  12:47  Viper  
  162  12:48  Viper x7  
  184  12:53  Evolution Chamber  
  184  12:54  Evolution Chamber  
  184  12:55  Evolution Chamber  
  184  12:56  Hydralisk x9  
  184  12:58  Evolution Chamber  
  198  13:09  Hydralisk  
  198  13:10  Hydralisk x7  
  198  13:30  Drone x2  
  194  13:49  Drone  
  194  13:50  Hydralisk x2  
  194  13:53  Ravager  
  200  14:17  Spore Crawler x2  
  200  14:18  Drone  
  200  14:19  Drone x2, Spine Crawler x2  
  200  14:21  Adrenal Glands, Zerg Melee Weapons Level 1  
  199  14:26  Ultralisk Cavern  
  199  14:31  Spore Crawler  
  197  14:32  Spore Crawler  
  197  14:34  Overlord  
  197  14:35  Viper  
  175  15:01  Roach x7  
  175  15:04  Hydralisk  
  175  15:05  Hydralisk x4  
  136  15:25  Viper x7  
  140  15:29  Hydralisk x12  
  140  15:34  Roach x5  
  174  15:41  Extractor x2  
  172  15:43  Chitinous Plating  
  172  15:48  Roach x4  
  174  16:02  Hydralisk  
  174  16:03  Hydralisk x5  
  186  16:13  Overlord  
  182  16:22  Hydralisk x7  
  196  16:32  Hydralisk  
  196  16:33  Hydralisk  
  200  16:47  Evolution Chamber  
  200  16:48  Evolution Chamber x3  
  200  16:50  Evolution Chamber  
  200  16:52  Drone x3  
  200  16:54  Drone x2  
  182  17:29  Viper x3  
  181  17:30  Hydralisk x4  
  181  17:31  Hydralisk x2  
  199  17:42  Zerg Melee Weapons Level 2  
  195  18:01  Hydralisk  
  195  18:02  Hydralisk x5  
  174  18:23  Roach x7  
  174  18:24  Roach x5  
  182  18:33  Viper x3  
  191  18:40  Roach x3  
  195  18:42  Roach x2  
  199  18:57  Extractor x2  
  197  19:15  Roach  
  189  19:51  Viper x3  
  183  19:55  Hydralisk  
  183  19:56  Hydralisk x4, Roach x3  
  185  20:08  Hydralisk x7  
  185  20:12  Hydralisk x2  
  199  20:36  Zerg Melee Weapons Level 3  
  166  20:52  Viper x3  
  166  20:54  Hydralisk  
  166  20:55  Hydralisk x6  
  179  20:57  Roach x5  
  185  21:22  Overseer  
  185  21:23  Hatchery  
  185  21:25  Hatchery  
  183  21:30  Hydralisk x7  
  197  21:33  Ravager  
  197  21:34  Roach  
  157  22:24  Viper x2  
  157  22:25  Hydralisk x8  
  173  22:46  Viper  
  173  22:49  Hydralisk  
  178  22:56  Extractor  
  178  22:57  Extractor  
  176  23:11  Hydralisk x3  
  176  23:12  Hydralisk x2  
  186  23:14  Extractor x2  
  186  23:17  Spore Crawler  
  183  23:28  Roach x2  
  183  23:29  Roach x6  
  193  23:48  Viper  
  194  24:02  Nydus Network, Hydralisk x2  
  193  24:03  Hydralisk  
  152  24:19  Viper  
  152  24:22  Roach  
  152  24:23  Roach x5  
  157  24:39  Evolution Chamber x2  
  157  24:41  Evolution Chamber  
  151  24:46  Evolution Chamber  
  151  24:48  Evolution Chamber x3  
  151  24:49  Viper x2  
  151  24:50  Drone  
  151  24:51  Drone x2  
  146  25:01  Overlord  
  146  25:08  Viper  
  146  25:10  Hydralisk x4  
  155  25:22  Queen  
  157  25:30  Nydus Canal  
  157  25:40  Hydralisk x11  
  179  26:01  Hydralisk  
  179  26:02  Hydralisk x8  
  197  26:14  Viper  
  149  26:53  Hydralisk x14  
  145  27:05  Hydralisk x5  
  155  27:19  Hatchery, Roach  
  155  27:20  Roach x6  
  166  27:28  Hydralisk x4  
  174  27:41  Hydralisk  
  174  27:42  Hydralisk x4  
  174  27:43  Drone  
  174  27:44  Drone x7  
  186  28:04  Viper  
  161  28:30  Roach  
  161  28:31  Roach x9  
  171  28:37  Roach x12  
  124  28:44  Hydralisk  
  124  28:45  Hydralisk x4  
  126  29:04  Hydralisk x7  
  140  29:13  Hydralisk x2  
  140  29:14  Hydralisk  
  140  29:15  Queen x4  
  140  29:16  Queen x4  
  158  29:25  Hydralisk x3  
  144  29:46  Hydralisk x3, Roach  
  144  29:47  Roach x7  
  158  29:58  Roach  
  158  29:59  Roach  
  152  30:00  Roach x6  
  140  30:12  Hydralisk x4  
  148  30:20  Hydralisk x2  
  148  30:21  Hydralisk  
  124  30:25  Roach  
  124  30:26  Roach  
  100  30:32  Hydralisk x2  
  100  30:34  Roach  
  100  30:35  Roach  
  106  30:40  Zergling x22  
  106  30:41  Zergling x18  
  115  30:56  Hydralisk x6  
  127  30:57  Zergling x6  
  125  31:09  Roach x7  
  125  31:10  Zergling x4  
  134  31:16  Roach x4  
  128  31:28  Hydralisk x4  
  128  31:29  Zergling x2  
  128  31:31  Roach  
  131  31:34  Roach x3  
  131  31:36  Zergling x8, Roach  
  131  31:37  Zergling x2  
  142  31:43  Roach x2  
  145  31:48  Roach  
  145  31:49  Roach  
  145  31:50  Roach  
  151  31:56  Roach x3  
  151  31:59  Roach  
  120  32:02  Roach  
  120  32:06  Hydralisk  
  120  32:08  Queen x3  
  98  32:23  Spore Crawler  
  71  32:55  Hydralisk x2  
  64  33:06  Roach  
  64  33:07  Roach  
  54  33:39  Drone x2  
  55  33:45  Ravager  
  35  34:11  Zergling x12  
  35  34:12  Zergling x2  
  38  34:29  Drone  
  38  34:30  Drone  
  27  35:36  Drone  
  27  36:08  Drone  
  24  36:47  Ravager  
  24  36:50  Drone  
  24  36:53  Drone  
  27  37:07  Drone  
  28  37:21  Zergling x2  
  29  37:32  Ravager  
  30  37:38  Zergling x2  
  32  37:58  Ravager  
  26  38:20  Drone  
  27  38:30  Ravager  
  28  38:42  Zergling x2  
  29  38:54  Zergling x2  
  30  39:07  Drone  
  31  39:37  Drone x2  
  32  39:51  Drone x2  
Show
View Real Time Build Order
Export as new Build Order

EJK Terran - Winner!

Build Orders: Hellion Opening, Reaper Expand 

Get SALT Encoding   

  12  0:00  SCV  
  13  0:13  SCV  
  14  0:18  Supply Depot  
  14  0:25  SCV  
  15  0:31  Refinery  
  15  0:40  SCV  
  16  0:45  Barracks  
  16  0:52  SCV  
  17  1:04  SCV  
  18  1:16  SCV  
  19  1:33  Reaper, Orbital Command  
  20  1:44  Command Center  
  20  1:55  Factory  
  20  1:59  SCV  
  21  2:08  Barracks Reactor  
  21  2:09  Supply Depot  
  21  2:12  SCV  
  22  2:16  Refinery  
  22  2:24  SCV  
  23  2:36  SCV  
  24  2:46  Factory  
  24  2:48  SCV  
  25  2:53  Hellion x2  
  29  3:00  SCV  
  29  3:01  Barracks Tech Lab  
  29  3:02  Orbital Command  
  30  3:13  SCV  
  30  3:15  Hellion  
  30  3:16  Hellion  
  35  3:29  SCV x2  
  37  3:41  Cyclone  
  41  3:42  SCV x2  
  41  3:45  Supply Depot  
  41  3:46  Starport  
  43  3:56  Hellion  
  43  3:58  Hellion  
  44  4:06  Supply Depot x2  
  44  4:09  SCV  
  43  4:14  SCV  
  43  4:24  Siege Tank  
  43  4:29  SCV x2  
  48  4:34  Medivac  
  50  4:42  SCV x2  
  52  4:54  SCV x2  
  52  4:58  Command Center  
  54  5:06  SCV x2  
  56  5:13  Hellion x3  
  62  5:18  SCV x2  
  64  5:30  SCV x2  
  64  5:32  Refinery x2, Supply Depot  
  66  5:42  Liberator, SCV x2  
  68  5:43  Hellion  
  70  5:53  Hellion  
  70  5:54  Siege Tank  
  59  5:58  Barracks Tech Lab  
  59  6:00  SCV  
  59  6:01  Fusion Core, SCV  
  64  6:07  Supply Depot  
  64  6:13  SCV x2  
  64  6:15  Orbital Command  
  66  6:26  SCV  
  66  6:27  Starport  
  66  6:28  SCV  
  66  6:31  Barracks Reactor  
  68  6:35  Engineering Bay  
  68  6:41  SCV x2  
  70  6:48  Hellion x2  
  70  6:49  Hellion, Orbital Command  
  70  6:53  SCV  
  77  6:54  Liberator  
  77  7:00  SCV  
  78  7:02  Missile Turret  
  78  7:05  SCV  
  78  7:06  Missile Turret  
  79  7:09  Missile Turret  
  79  7:10  Liberator  
  79  7:11  Advanced Ballistics  
  79  7:12  Liberator  
  79  7:13  SCV  
  83  7:22  SCV x2  
  85  7:25  SCV  
  85  7:28  Supply Depot  
  92  7:37  SCV  
  92  7:38  SCV x2  
  95  7:45  Armory  
  95  7:48  Siege Tank  
  95  7:50  SCV x3  
  101  7:54  Hellion x2  
  108  7:59  Refinery x2  
  108  8:03  Supply Depot  
  108  8:04  Supply Depot  
  108  8:07  Banshee  
  108  8:08  Barracks Reactor, Supply Depot  
  108  8:09  SCV  
  108  8:11  Starport  
  109  8:23  Supply Depot  
  109  8:25  SCV x3  
  109  8:26  Viking  
  109  8:27  Viking  
  116  8:28  Siege Tank, Hellion x2  
  123  8:35  Terran Ship Weapons Level 1  
  123  8:37  SCV  
  123  8:38  SCV x2  
  126  8:49  Banshee, Liberator  
  126  8:50  SCV x3  
  132  8:58  Hellion, Liberator  
  132  8:59  Hellion  
  140  9:24  Liberator  
  140  9:40  Command Center  
  140  9:45  Command Center  
  140  9:50  Liberator  
  140  9:53  Supply Depot  
  140  9:54  Supply Depot  
  140  9:56  Supply Depot  
  140  9:58  Liberator x2  
  140  10:09  Hellion x2  
  139  10:14  Siege Tank, Banshee  
  149  10:24  Hellion  
  149  10:26  Command Center  
  149  10:30  Hellion x2, Infernal Pre-Igniter  
  149  10:32  Terran Vehicle Weapons Level 1  
  149  10:34  Armory  
  153  10:37  Liberator x2  
  153  10:46  Siege Tank  
  156  10:50  Supply Depot  
  156  10:51  Supply Depot  
  156  10:53  Supply Depot  
  156  10:55  Factory x2  
  162  10:57  Banshee, Factory  
  162  10:58  Viking  
  167  11:05  Hellion x2  
  167  11:06  Sensor Tower  
  171  11:11  Supply Depot  
  171  11:19  Hellion  
  171  11:24  Planetary Fortress  
  173  11:29  Refinery  
  173  11:31  Command Center  
  173  11:34  Hellion x2  
  173  11:36  Viking x2  
  173  11:37  Refinery, Viking x2  
  185  11:40  Hellion, Factory Tech Lab  
  185  11:41  Factory Tech Lab  
  185  11:42  Factory Reactor  
  185  11:46  Hellion x8  
  187  11:56  Terran Vehicle And Ship Armor Level 1  
  187  11:58  Orbital Command  
  187  12:03  Mag-Field Accelerator  
  187  12:04  Refinery  
  187  12:05  Liberator x2  
  187  12:06  Refinery, Liberator  
  187  12:08  Sensor Tower  
  187  12:12  Missile Turret, Planetary Fortress  
  169  12:34  Siege Tank x2  
  152  12:37  Hellion x2  
  152  12:41  Hellion  
  152  12:42  Hellion  
  156  12:48  Cyclone  
  155  12:55  Liberator x2  
  155  12:59  Hellion x2  
  155  13:01  SCV  
  155  13:03  Hellion x2  
  164  13:06  Cyclone x2  
  164  13:08  SCV x2  
  164  13:10  SCV  
  177  13:20  Siege Tank  
  177  13:21  SCV  
  177  13:22  SCV x2  
  183  13:33  Hellion x4  
  190  13:38  Siege Tank, Cyclone  
  197  13:41  Terran Vehicle Weapons Level 2  
  197  13:43  Sensor Tower  
  194  13:52  Cyclone  
  198  13:56  Refinery  
  198  14:01  Hellion x10  
  198  14:05  Hellion  
  200  14:12  Planetary Fortress  
  200  14:16  Missile Turret  
  200  14:18  Terran Vehicle And Ship Armor Level 2  
  200  14:33  Command Center  
  200  14:42  Viking x2  
  194  14:55  Cyclone  
  194  14:56  Hellion x2  
  178  15:12  Cyclone x2  
  178  15:13  Hellion x2  
  161  15:17  Hellion x2  
  135  15:24  SCV x3  
  135  15:27  Cyclone  
  132  15:28  Hellion x2  
  132  15:34  Hellion, Liberator x2  
  132  15:35  Hellion  
  136  15:36  SCV x3  
  136  15:39  Hellion x2  
  144  15:42  SCV  
  144  15:43  SCV x2  
  144  15:44  Cyclone  
  144  15:45  Cyclone  
  154  15:56  Hellion x2  
  164  15:59  Hellion  
  164  16:00  Hellion  
  168  16:10  Liberator x2  
  166  16:14  Hellion  
  166  16:17  Hellion x2, Cyclone x2  
  180  16:20  Cyclone  
  180  16:21  Hellion  
  180  16:24  Liberator  
  180  16:25  Liberator  
  192  16:38  Terran Vehicle Weapons Level 3, Terran Vehicle And Ship Armor Level 3  
  187  16:40  Raven  
  195  16:49  Cyclone  
  199  17:01  Corvid Reactor  
  199  17:10  Refinery  
  199  17:12  Refinery, Sensor Tower  
  199  17:13  Refinery  
  193  17:16  Cyclone  
  193  17:17  Hellion  
  193  17:18  Hellion  
  170  17:24  Cyclone x2  
  170  17:28  Liberator  
  176  17:30  Liberator  
  176  17:43  Hellion  
  176  17:44  Hellion x3  
  188  17:56  Cyclone  
  183  18:07  Cyclone x2  
  183  18:08  SCV x2  
  183  18:09  SCV  
  183  18:11  SCV  
  186  18:20  Hellion  
  186  18:25  Liberator x2  
  182  18:29  Liberator  
  186  18:39  Cyclone  
  182  18:42  Hellion  
  182  18:46  Orbital Command  
  193  19:01  SCV x3  
  193  19:02  SCV  
  197  19:04  Medivac  
  197  19:06  Hellion  
  199  19:12  Orbital Command  
  199  19:13  SCV  
  198  19:40  Liberator x3  
  198  19:43  Cyclone x3  
  184  19:46  Hellion x2  
  184  19:47  Hellion x2  
  170  19:55  Refinery  
  170  19:56  Refinery  
  170  19:57  Sensor Tower  
  170  19:59  Liberator  
  179  20:11  Hellion x2  
  179  20:12  Hellion  
  185  20:15  Cyclone x2  
  196  20:24  SCV x4  
  200  20:35  Missile Turret  
  200  20:36  Terran Ship Weapons Level 2  
  200  20:37  Liberator  
  200  20:48  Hellion, Cyclone x2  
  200  20:49  Hellion x3  
  172  20:54  Cyclone  
  172  21:09  Viking x3  
  172  21:10  Viking  
  180  21:23  Hellion x5  
  180  21:24  Hellion  
  191  21:37  Viking  
  191  21:45  Viking  
  191  21:46  Viking x3  
  195  21:59  Command Center  
  181  22:09  Cyclone  
  181  22:11  Hellion x3  
  181  22:12  Hellion x2  
  159  22:16  Raven  
  159  22:19  Cyclone  
  141  22:30  Orbital Command  
  141  22:32  Hellion  
  141  22:33  Hellion x3, Cyclone  
  153  22:41  Cyclone  
  151  22:51  Cyclone  
  155  22:54  Hellion x4  
  155  22:57  SCV  
  160  23:06  Cyclone  
  160  23:07  Raven  
  160  23:09  SCV  
  160  23:10  Viking x3  
  160  23:12  Viking  
  173  23:14  Hellion  
  173  23:15  Hellion x2  
  173  23:16  Hellion x2  
  183  23:21  SCV  
  183  23:23  Hellion  
  186  23:33  SCV  
  187  23:35  Hellion  
  187  23:45  Cyclone x2, SCV  
  187  23:46  Hellion x2  
  200  23:55  Refinery, Missile Turret  
  200  23:56  Refinery  
  198  24:12  Cyclone  
  198  24:14  Liberator x2  
  198  24:16  Hellion x2  
  172  24:17  Hellion x2, Cyclone x2  
  174  24:25  SCV  
  174  24:30  Raven  
  174  24:31  Refinery  
  177  24:37  SCV  
  177  24:38  Hellion x4  
  192  24:44  Cyclone  
  196  24:49  Cyclone  
  198  24:57  Hellion  
  200  25:06  Terran Ship Weapons Level 3  
  200  25:07  Building Armor  
  200  25:14  Missile Turret  
  200  25:29  Missile Turret, Raven  
  200  25:30  Missile Turret  
  200  25:35  Missile Turret  
  200  25:38  Missile Turret  
  200  25:43  Missile Turret  
  200  25:44  Missile Turret  
  193  26:30  Refinery x2, Raven  
  193  26:35  Cyclone  
  193  26:37  Hellion  
  197  26:42  Missile Turret x4  
  197  26:45  Cyclone x2  
  197  26:46  Hellion x3  
  162  26:47  Liberator x2  
  162  26:48  Liberator x2  
  133  26:58  Hellion  
  116  27:07  Hellion x2, Cyclone  
  116  27:08  Hellion  
  135  27:13  Raven  
  137  27:17  Hellion, Cyclone  
  139  27:30  Liberator x3  
  139  27:33  Hellion x3  
  145  27:38  Cyclone  
  145  27:39  Cyclone  
  153  27:46  Hellion  
  153  27:49  Cyclone  
  168  27:54  Hellion x3  
  174  28:00  Raven  
  169  28:07  Hellion  
  169  28:11  Hellion x2, Refinery, Command Center  
  172  28:13  Refinery  
  172  28:15  Hellion, Command Center  
  172  28:16  Hellion x2  
  167  28:21  Hellion  
  167  28:27  Orbital Command  
  153  28:28  Hellion  
  153  28:32  Hellion  
  153  28:33  Hellion  
  147  28:37  Hellion x3  
  121  28:43  Hellion  
  123  28:50  Hellion  
  123  28:54  Hellion x2  
  129  28:58  Hellion x3  
  135  29:04  Hellion  
  137  29:11  Hellion  
  137  29:15  Hellion x2  
  143  29:19  Hellion  
  143  29:22  Hellion  
  143  29:23  Hellion  
  149  29:26  Hellion  
  151  29:33  Hellion  
  146  29:44  Hellion x3  
  137  29:55  Cyclone  
  137  29:56  Hellion  
  125  30:19  Cyclone  
  113  30:22  Hellion x3  
  110  30:30  Hellion  
  112  30:44  Orbital Command  
  102  31:10  Cyclone  
  106  31:11  SCV  
  107  31:23  SCV  
  108  31:34  Refinery  
  108  31:35  SCV  
  108  31:37  Refinery  
  109  31:47  SCV  
  110  31:59  SCV  
  79  32:03  Hellion, Cyclone x3  
  79  32:04  Hellion x2  
  83  32:14  Hellion  
  74  32:25  Hellion x2  
  52  33:02  Orbital Command  
  53  33:05  Cyclone  
  48  33:33  SCV  
  44  33:41  SCV  
  45  34:02  Orbital Command  
  45  34:34  SCV x3  
  44  34:46  SCV  
  37  34:59  SCV  
  33  35:09  Orbital Command  
  33  35:11  SCV x2  
  35  35:23  SCV x2  
  37  35:30  Orbital Command  
  37  35:41  Orbital Command  
  35  36:00  SCV  
  35  36:02  Hellion  
  38  36:06  Orbital Command  
  38  36:35  Orbital Command  
  38  36:49  Hellion  
  40  37:55  Orbital Command  
  40  38:45  SCV  
  41  39:04  SCV  
  41  39:05  Refinery, SCV  
  43  39:12  Hellion  
  43  39:16  SCV x2  
  47  39:17  SCV  
  47  39:21  Refinery  
  48  39:28  SCV x2  
  50  39:35  Hellion  
  50  39:36  Hellion x2  
  56  39:50  SCV  
  57  40:02  SCV  
  57  40:06  SCV  
Tags
 
Add a new tag
Caveats
  • Supply blocks, unpowered buildings, or Contaminate may cause inaccurate times.
  • Supply counts are checked every 10 seconds.